 Dungeon Crawl Stone Soup version 0.29-a0-668-g12ee2bf84d (webtiles) character file.

Game seed: 1456029360041357005

12168 dolemite99 the Blocker (level 11, -4/119 HPs)
             Began as a Troll Chaos Knight on June 24, 2022.
             Was a Plaything of Xom.
             Slain by a troll (9 damage)
             ... on level 10 of the Dungeon.
             The game lasted 00:14:38 (10545 turns).

dolemite99 the Blocker (Troll Chaos Knight)        Turns: 10545, Time: 00:14:39

Health: -4/119     AC: 14    Str: 28    XL:     11   Next: 58%
Magic:  10/10      EV:  8    Int:  6    God:    Xom [..*...]
Gold:   874        SH: 11    Dex: 13    Spells: 10/10 levels left

rFire   + . .      SeeInvis .     - Unarmed
rCold   . . .      Faith    .   p - +0 kite shield
rNeg    . . .      Spirit   .   s - +1 acid dragon scales
rPois   .          Reflect  .   (helmet restricted)
rElec   .          Harm     .   e - +2 cloak
rCorr   +          Rampage  .   (gloves unavailable)
Will    +....      Clarity  +   (boots unavailable)
Stlth   +.........              (no amulet)
HPRegen 1.09/turn               k - +6 ring of strength
MPRegen 0.12/turn               q - ring of willpower

@: studying Evocations, unable to read
A: large, unfitting armour, claws 3, regeneration 1, shaggy fur 1, tough skin 1,
iridescent scales 1, clarity, dopey 1, fire resistance 1, robust 1, wild magic
1, inability to read while threatened
a: Renounce Religion


You were on level 10 of the Dungeon.
You worshipped Xom.
You were a toy of Xom.
You visited 2 branches of the dungeon, and saw 12 of its levels.

You collected 998 gold pieces.
You spent 124 gold pieces at shops.

Inventory:

Hand Weapons
 j - a +2 vorpal arbalest
 x - the +6 mace "Arbiter" {venom, Fly rPois Str-3 Stlth+}
   (You found it on level 5 of the Dungeon)

   It poisons the flesh of those it strikes.
   Str:       It affects your strength (-3).
   rPois:     It protects you from poison.
   Fly:       It grants you flight.
   Stlth:     It makes you more stealthy.
 z - a +2 flail of holy wrath
Missiles
 m - a throwing net
 u - 3 large rocks
 A - 40 poisoned darts
Armour
 a - a +2 robe
 e - a +2 cloak (worn)
 p - a +0 kite shield (worn)
 s - +1 acid dragon scales (worn)
Jewellery
 k - a +6 ring of strength (left claw)
 q - a ring of willpower (right claw)
 B - the ring of Noanacki {Fire Str+4 Slay+2}
   (Xom gifted it to you on level 5 of the Dungeon)

   [ring of fire]

   It enhances your fire magic.
   Str:       It affects your strength (+4).
   Slay:      It affects your accuracy & damage with ranged weapons and melee
   (+2).
   rF:        It protects you from fire.
   rC:        It makes you vulnerable to cold.
 D - a +6 ring of intelligence
Wands
 d - a wand of paralysis (7)
 o - a wand of iceblast (5)
 r - a wand of polymorph (7)
Scrolls
 g - 2 scrolls of fog
 h - 3 scrolls of amnesia
 v - 8 scrolls of identify {@r1}
 w - a scroll of blinking
 y - a scroll of vulnerability
 C - 4 scrolls of teleportation
 E - a scroll of poison
 H - a scroll of fear {unknown}
Potions
 c - 3 potions of attraction
 f - 5 potions of mutation
 i - a potion of haste {unknown}
 l - a potion of flight
 n - 2 potions of brilliance {unknown}
 t - a potion of heal wounds
 F - a potion of curing
 G - a potion of invisibility {unknown}
Miscellaneous
 b - a piece from Xom's chessboard (inert) (quivered)


   Skills:
 - Level 7.3 Fighting
 - Level 1.9 Dodging
 - Level 10.4 Shields
 - Level 10.1 Unarmed Combat
 + Level 8.5 Evocations


You had 10 spell levels left.
You didn't know any spells.
Your spell library contained the following spells:

 Spells                   Type           Power      Damage    Failure   Level
 Apportation              Tloc           0%         N/A       80%         1
 Magic Dart               Conj           0%         1d3       80%         1
 Necrotize                Necr           0%         1d4       80%         1
 Summon Small Mammal      Summ           0%         N/A       80%         1
 Call Imp                 Summ           0%         N/A       90%         2
 Ensorcelled Hibernation  Hex/Ice        0%         N/A       90%         2
 Passwall                 Tmut/Erth      0%         N/A       90%         2
 Gell's Gravitas          Tloc           0%         N/A       98%         3
 Lesser Beckoning         Tloc           0%         N/A       98%         3
 Mephitic Cloud           Conj/Pois/Air  0%         N/A       98%         3
 Ozocubu's Armour         Ice            0%         N/A       98%         3
 Spider Form              Tmut/Pois      0%         N/A       98%         3
 Stone Arrow              Conj/Erth      0%         3d7       98%         3
 Swiftness                Air            0%         N/A       98%         3
 Teleport Other           Tloc           0%         N/A       98%         3
 Anguish                  Hex/Necr       0%         N/A       100%        4
 Animate Armour           Summ/Erth      0%         N/A       100%        4
 Enfeeble                 Hex            0%         N/A       100%        7
 Ozocubu's Refrigeration  Ice            0%         4d5       100%        7
 Lehudib's Crystal Spear  Conj/Erth      0%         10d2      100%        8


Dungeon Overview and Level Annotations

Branches:
Dungeon (11/15)            Temple (1/1) D:5            Lair (0/6) D:10
    Orc: D:9-12

Altars:
Ashenzari
Cheibriados
Dithmenos
Elyvilon
Fedhas
Gozag
Hepliaklqana
Kikubaaqudgha
Makhleb
Nemelex Xobeh
Okawaru
Qazlal
Ru
Sif Muna
Trog
Uskayaw
Vehumet
Wu Jian
Xom
Yredelemnul
Zin
The Shining One
Beogh

Shops:
D:3 =!?=   D:9 (

Annotations:
D:3 3 runed translucent doors, buhh's ghost, amateur FoHu
D:4 2 runed translucent doors, xian's ghost, amateur DsFi
D:6 1 runed translucent door


Innate Abilities, Weirdness & Mutations

You are too large for most types of armour.
You have claws for hands.
Your natural rate of healing is unusually fast.
You are covered in fur. (AC +1)
You have tough skin. (AC +1)
You are partially covered in iridescent scales. (AC +2)
You possess an exceptional clarity of mind.
You are dopey. (Int -2)
Your flesh is heat resistant. (rF+)
You are robust. (+10% HP)
Your spells are a little harder to cast, but a little more powerful.
You sometimes lose the ability to read scrolls when taking damage.


Message History

A troll comes into view.
The troll shouts!
A troll is nearby!
A shadow comes into view.
Found a scroll of poison.
You see here a scroll labelled PUIT IHOUVVIMNI.
H - a scroll labelled PUIT IHOUVVIMNI The shadow slips into darkness.
The shadow flickers and vanishes!
Deactivating autopickup; reactivate with Ctrl-A.
You make a move on Xom's chessboard...
The troll seems to grow stronger.
You make a move on Xom's chessboard...
The troll flickers and vanishes!
The chess piece greys!
The shadow strikes at you from the darkness!
Reactivating autopickup.
Something bites you but does no damage.
Deactivating autopickup; reactivate with Ctrl-A.
Something claws you but does no damage. x2
You mangle the shadow!!
You destroy the shadow!
Something bites you! Something claws you! x2
You feel threatened and lose the ability to read scrolls!
You are too injured to fight recklessly!
You are too injured to fight recklessly!
There is a stone staircase leading up here.
You start resting.
Something bites you!! Something claws you but does no damage.
Something claws you!
* * * LOW HITPOINT WARNING * * *
There is a strange disturbance nearby!
Something bites you!
* * * LOW HITPOINT WARNING * * *
Something claws you but does no damage. x2
You climb upwards.
Reactivating autopickup.
There is a stone staircase leading down, spattered with blood here.
Deactivating autopickup; reactivate with Ctrl-A.
You barely miss something. Something bites you!!
* * * LOW HITPOINT WARNING * * *
Something claws you!
You die...

############.##..########.#
.............##..#........#
#####.....#####..#.########
#.....# #..#.# #.....#
#..#.# #...).# #..#.#
#####.....# #..#.#
...##.....#####..#.#
....'.....'.....@#.#
#.###.....#####.##.# #.#
####### #.##.# #.# #.##.#
#.####### #.##.# #.......#
#.##.# #.......# #.##.#
#.......##### #.##.#
#...........# #.##.#


There were no monsters in sight!

Vanquished Creatures
  2 centaur warriors (D:10)
  2 two-headed ogres (D:7)
  A deep elf pyromancer (D:10)
  A cyclops (D:10)
  A gargoyle (D:7)
  2 komodo dragons (D:10)
  3 hornets (D:8)
  A troll (D:10)
  Sigmund (D:2)
  A shadow (D:11)
  5 yaks
  A steam dragon (D:10)
  3 basilisks
  Eustachio (D:4)
  A redback (D:10)
  A vampire mosquito (D:10)
  Menkaure (D:5)
  A water moccasin (D:5)
  2 acid dragons (D:10)
  An ice beast (D:6)
  3 black bears
  2 sky beasts (D:6)
  3 orc warriors
  An ogre (D:5)
  A centaur (D:10)
  A phantom (D:5)
  6 kobold brigands
  4 bullfrogs
  A gnoll sergeant (D:9)
  18 scorpions
  12 wights
  5 killer bees (D:8)
  A howler monkey (D:7)
  6 orc priests
  2 hounds (D:6)
  5 jellies
  6 iguanas
  6 orc wizards
  Robin (D:2)
  8 adders
  20 gnolls
  2 white imps
  4 worms
  The ghost of blackman the Sneak, a weakling HuDe (D:5)
  4 dart slugs
  22 orcs
  4 ball pythons
  5 bats
  11 endoplasms
  5 giant cockroaches
  22 goblins
  9 hobgoblins
  3 quokkas
  3 frilled lizards
  50 kobolds
  4 rats
  A butterfly (D:6)
294 creatures vanquished.

Vanquished Creatures (collateral kills)
  A yak (D:9)
1 creature vanquished.

Vanquished Creatures (others)
  2 plants (D:7)
2 creatures vanquished.

Grand Total: 297 creatures vanquished

Notes
Turn   | Place    | Note
-------+----------+-------------------------------------------
     0 | D:1      | dolemite99 the Troll Chaos Knight began the quest for the
                  | Orb.
     0 | D:1      | Reached XP level 1. HP: 22/22 MP: 0/0
   227 | D:1      | Reached XP level 2. HP: 29/29 MP: 1/1
   262 | D:1      | XOM: potion effect (brilliance)
   335 | D:1      | XOM: silly message
   468 | D:1      | XOM: divination: detect items
   579 | D:1      | XOM is BORED!
   579 | D:1      | XOM: silly message
   614 | D:2      | Noticed Robin
   615 | D:2      | XOM: silly message
   623 | D:2      | Noticed Sigmund
   630 | D:2      | Reached XP level 3. HP: 36/36 MP: 2/2
   764 | D:2      | XOM: divination: detect creatures
   809 | D:2      | Killed Robin
   961 | D:2      | XOM: give mutation
   961 | D:2      | Gained mutation: You possess an exceptional clarity of
                  | mind. [Xom's grace]
  1025 | D:2      | Reached XP level 4. HP: 40/44 MP: 3/3
  1095 | D:2      | Reached skill level 5 in Unarmed Combat
  1123 | D:2      | XOM: god gift: scroll labelled MOIPOEGECK {god gift}
  1128 | D:2      | Found a faded altar of an unknown god.
  1395 | D:2      | Noticed an ogre
  1474 | D:2      | Killed Sigmund
  1475 | D:2      | Reached XP level 5. HP: 44/50 MP: 4/4
  1508 | D:3      | You fall into a shaft and drop 1 floor!
  1537 | D:4      | Reached XP level 6. HP: 44/59 MP: 5/5
  1712 | D:4      | XOM: god gift: +2 vorpal arbalest
  1719 | D:4      | XOM: enchant monster (bad)
  1938 | D:4      | XOM: divination: detect items
  2038 | D:4      | Found a runed translucent door.
  2039 | D:4      | Noticed xian's ghost (amateur DsFi)
  2065 | D:4      | Found a shimmering blue altar of Sif Muna.
  2175 | D:4      | Noticed Eustachio
  2192 | D:4      | Killed Eustachio
  2193 | D:4      | Reached XP level 7. HP: 66/66 MP: 6/6
  2238 | D:4      | Found a runed translucent door.
  2257 | D:4      | XOM is BORED!
  2550 | D:4      | XOM: cloud trail
  2579 | D:4      | Found a stormy altar of Qazlal.
  2588 | D:3      | Found Horaono's Distillery.
  2743 | D:3      | Found Ycehasig's Jewellery Boutique.
  2762 | D:3      | Bought a potion of might for 56 gold pieces
  2762 | D:3      | Bought a potion of lignification for 42 gold pieces
  2788 | D:3      | Found Wamofaom's Magic Scroll Emporium.
  2794 | D:3      | Bought a scroll of fog for 26 gold pieces
  2935 | D:3      | Found Laufuu's Jewellery Shop.
  3003 | D:3      | Found a runed translucent gate.
  3004 | D:3      | Found a runed translucent gate.
  3005 | D:3      | Found a runed translucent gate.
  3005 | D:3      | Noticed buhh's ghost (amateur FoHu)
  3048 | D:3      | XOM: summons 4 hostile demons
  3234 | D:5      | Entered Level 5 of the Dungeon
  3234 | D:5      | XOM: polymorph hound -> iguana
  3243 | D:5      | XOM: enchant monster (good)
  3474 | D:5      | Reached XP level 8. HP: 68/74 MP: 7/7
  3476 | D:5      | XOM: scenery: create altars
  3478 | D:5      | Reached skill level 10 in Unarmed Combat
  3674 | D:5      | Found a runed translucent gate.
  3674 | D:5      | Found a runed translucent gate.
  3674 | D:5      | Found a runed translucent gate.
  3674 | D:5      | Noticed blackman's ghost (weakling HuDe)
  3824 | D:5      | Identified the +6 mace "Arbiter" {venom, Fly rPois Str-3
                  | Stlth+}
  3881 | D:5      | Found a staircase to the Ecumenical Temple.
  3887 | Temple   | XOM: noise
  3887 | Temple   | Entered the Ecumenical Temple
  3966 | Temple   | XOM: torment (38/74 hp)
  4063 | D:5      | Noticed Menkaure
  4066 | D:5      | XOM: butterfly on damage
  4071 | D:5      | Killed Menkaure
  4366 | D:5      | XOM: divination: detect creatures
  4383 | D:5      | XOM: cleaving
  4551 | D:5      | XOM: scenery: 1 doors close
  4645 | D:5      | XOM: silly message
  4660 | D:5      | Reached skill level 5 in Shields
  4672 | D:5      | Identified the +0 ring mail of the Ten Stories {rElec rPois
                  | rF+ rC+}
  4784 | D:5      | Identified the ring of Noanacki {Fire Str+4 Slay+2} (Xom
                  | gifted it to you on level 5 of the Dungeon)
  4784 | D:5      | XOM: god gift: ring of Noanacki {Fire Str+4 Slay+2}
  4862 | D:5      | XOM: god gift: potion of mutation
  4977 | D:5      | XOM: give mutations
  4977 | D:5      | Gained mutation: Your flesh is heat resistant. (rF+) [Xom's
                  | grace]
  4977 | D:5      | Gained mutation: You are robust. (+10% HP) [Xom's grace]
  4981 | D:5      | XOM: enchant monster (bad)
  4983 | D:5      | Killed blackman's ghost
  5776 | D:6      | Reached XP level 9. HP: 88/88 MP: 8/8
  5789 | D:6      | Found a runed translucent door.
  5791 | D:6      | Found a runed translucent door.
  5872 | D:6      | XOM: enchant monster (bad)
  5908 | D:6      | XOM: cleaving
  6033 | D:6      | Found a shadowy altar of Dithmenos.
  6066 | D:6      | XOM: smoke on damage
  6069 | D:6      | XOM: noise
  6472 | D:6      | XOM: smoke on damage
  6627 | D:6      | XOM: give mutations
  6627 | D:6      | Gained mutation: You sometimes lose the ability to read
                  | scrolls when taking damage. [Xom's mischief]
  6627 | D:6      | Gained mutation: You are dopey. (Int -2) [Xom's mischief]
  6874 | D:7      | XOM: noise
  6983 | D:7      | XOM: silly message
  6992 | D:7      | Noticed a two-headed ogre
  7018 | D:7      | Killed a two-headed ogre
  7019 | D:7      | Reached skill level 10 in Shields
  7019 | D:7      | Reached XP level 10. HP: 42/96 MP: 9/9
  7312 | D:7      | Found the +6 shillelagh "Devastator" {shatter}
  7320 | D:7      | Noticed a gargoyle
  7320 | D:7      | Noticed a two-headed ogre
  7332 | D:7      | Killed a gargoyle
  7335 | D:7      | XOM: give mutations
  7335 | D:7      | Gained mutation: You are partially covered in iridescent
                  | scales. (AC +2) [Xom's grace]
  7335 | D:7      | Gained mutation: Your spells are a little harder to cast,
                  | but a little more powerful. [Xom's grace]
  7337 | D:7      | Killed a two-headed ogre
  7588 | D:7      | XOM: noise
  7642 | D:7      | XOM: cloud trail
  7846 | D:7      | XOM: god gift: 39 gold pieces
  7856 | D:7      | XOM: summons 4 hostile demons
  7887 | D:8      | Reached skill level 5 in Fighting
  7948 | D:8      | Paralysed by a hornet for 1 turns
  8478 | D:9      | XOM: swap monsters
  8548 | D:8      | XOM: stat loss: -1 Str (27/28)
  8595 | D:9      | XOM: god gift: scroll of teleportation
  8685 | D:9      | XOM: cast spell 'Monstrous Menagerie'
  8692 | D:9      | Reached XP level 11. HP: 119/119 MP: 10/10
  8832 | D:9      | Found Koyrchine's Weapon Emporium.
  8900 | D:9      | Found a basalt altar of Yredelemnul.
  8964 | D:9      | Reached skill level 1 in Evocations
  9211 | D:10     | Entered Level 10 of the Dungeon
  9497 | D:10     | Noticed a centaur warrior
  9497 | D:10     | Noticed a deep elf pyromancer
  9497 | D:10     | XOM: 3-stop teleportation journey
  9507 | D:10     | Killed a centaur warrior
  9515 | D:10     | Killed a deep elf pyromancer
  9517 | D:10     | Reached skill level 5 in Evocations
  9615 | D:10     | XOM: 1-stop teleportation journey
  9616 | D:10     | Noticed a centaur warrior
  9618 | D:10     | XOM: confuse monster(s)
  9630 | D:10     | XOM: smoke on damage
  9634 | D:10     | XOM: cast spell 'Leda's Liquefaction'
  9647 | D:10     | Killed a centaur warrior
  9706 | D:10     | XOM: silly message
  9725 | D:10     | XOM: scenery: 1 doors close
  9756 | D:10     | XOM: 1-stop teleportation journey
  9815 | D:10     | XOM: smoke on damage
  9823 | D:10     | XOM: enchant monster (bad)
  9859 | D:10     | Found a staircase to the Lair.
  9891 | D:10     | XOM: divination: detect creatures
  9899 | D:10     | XOM: smoke on damage
  9911 | D:10     | XOM: noise
 10059 | D:10     | XOM: potion effect (berserk rage)
 10177 | D:10     | XOM: noise
 10368 | D:10     | XOM: silly message
 10498 | D:11     | XOM: silly message
 10545 | D:10     | HP: 5/119 [something (18)]
 10545 | D:10     | Slain by a troll

Illustrated notes

Levels and vault maps discovered:
D:1:      lightli_arrival_windingriver, layout_basic
D:2:      layout_loops_ring, chequers_ecumenical_altar_simple_redux,
          lightli_corner_chamber, uniq_robin, uniq_sigmund
D:3:      layout_rooms, serial_shops, shop, nicolae_shop_trees, shop,
          shop_statue, biasface_ghost_orc_armoury, hangedman_decor_lopped
D:4:      layout_loops_ring, mainiacjoe_overflow_24_doors,
          nicolae_overflow_hidden_temple, ebering_ghost_sewer_f,
          minmay_joined_circles, uniq_eustachio
D:5:      minmay_goblin_kobold_castle, layout_rooms,
          minmay_temple_entry_enclosed_plants, gammafunk_ghost_split,
          roderic_serpentine_path, minmay_manual_monstrance, uniq_menkaure
D:6:      lemuel_insect_pit, layout_loops_corners,
          nicolae_dithmenos_shadow_blocks
D:7:      layout_loops_ring, serial_bayou_pond_b,
          amcnicky_mini_corridor_feature, dilly_guarded_unrand_devastator
D:8:      layout_rooms
D:9:      layout_loops_cross, lemuel_tele_altar, serial_shops,
          nicolae_shop_trees
D:10:     minmay_klotski, layout_basic, erik_lair_dragon
D:11:     layout_long_grid, orc_0_dummy, minmay_misc_feat_diagonals, uniq_snorg,
          uniq_erolcha
Temple:   mainiacjoe_temple_coin_purse

Skill      XL: |  1  2  3  4  5  6  7  8  9 10 11 |
---------------+----------------------------------+-----
Unarmed Combat | 4 6 8 9 10 | 10.1
Shields        | 6 10 | 10.4
Fighting       | 7 |  7.3
Evocations     | 8 |  8.5
Dodging        | |  1.9

Action                   |  1- 3 |  4- 6 |  7- 9 | 10-12 || total
-------------------------+-------+-------+-------+-------++-------
Melee: Unarmed           |    70 |    84 |   383 |   275 ||   812
       Punch             |     2 |     3 |       |       ||     5
Evoke: Piece from Xom's  |    18 |    10 |    13 |     7 ||    48
       Wand              |       |       |     3 |       ||     3
  Use: Scroll            |       |     8 |     9 |     3 ||    20
       Potion            |       |       |     5 |     3 ||     8
 Stab: Paralysed         |     1 |       |     1 |       ||     2
       Petrified         |     1 |     2 |     2 |       ||     5
       Sleeping          |       |       |     1 |     1 ||     2
       Distracted        |       |       |     1 |       ||     1
       Confused          |       |       |       |     2 ||     2
Armor: Robe              |    57 |    41 |   170 |    76 ||   344
       Skin              |       |       |    31 |       ||    31
       Acid dragon scale |       |       |       |    49 ||    49
Dodge: Dodged            |    44 |    40 |   161 |    92 ||   337
Block: Kite shield       |       |       |   171 |   142 ||   313

Table legend: (Time is in decaauts)
 A = Elapsed time spent in this place.
 B = Non-inter-level travel time spent in this place.
 C = Inter-level travel time spent in this place.
 D = Time resting spent in this place.
 E = Time spent auto-exploring this place.
 F = Levels seen in this place.
 G = Mean time per level.
                   A        B        C        D        E       F      G
               +--------+--------+--------+--------+--------+-----+--------+
         Total |  10512 |  10062 |    450 |   2215 |   5456 |  12 |  876.0 |
       Dungeon |  10365 |   9929 |    436 |   2215 |   5338 |  11 |  942.3 |
        Temple |    146 |    132 |     14 |      0 |    118 |   1 |  146.0 |
               +--------+--------+--------+--------+--------+-----+--------+

Top non-repeatable levels by time:
     D:5: 1985 daAuts
     D:6: 1375 daAuts
    D:10: 1291 daAuts
     D:4: 1121 daAuts
     D:7: 1090 daAuts
     D:2: 804 daAuts
     D:1: 694 daAuts
     D:9: 680 daAuts
     D:8: 646 daAuts
     D:3: 626 daAuts
  Temple: 146 daAuts
    D:11: 48 daAuts
